 Dungeon Crawl Stone Soup version 0.14-a0-2091-gca92d1a (webtiles) character file.

304 Mitsuki the Covert (level 5, 0/25 HPs)
             Began as a Spriggan Assassin on Jan 25, 2014.
             Splashed by a jelly's acid (10 damage)
             ... in a sewer.
             The game lasted 00:09:27 (2664 turns).

Mitsuki the Covert (Spriggan Assassin)              Turns: 2664, Time: 00:09:27

HP   0/25        AC  3     Str  8      XL: 5   Next: 38%
MP  19/19        EV 17     Int 13      God:
Gold 118         SH  0     Dex 17      Spells:  0 memorised,  4 levels left

rFire  . . .     SeeInvis +     a - +2 dagger
rCold  . . .     Clarity  .     c - +0 robe
rNeg   . . .     Conserve .     (shield restricted)
rPois  .         rCorr    .     (helmet restricted)
rElec  .         rRot     .     d - +0 cloak
SustAb . .       Spirit   .     (gloves unavailable)
rMut   .         Warding  .     (boots unavailable)
Saprov . . .     Stasis   .     (no amulet)
MR     .....                    (no ring)
                                f - ring of magical power

@: very quick, not resistant to hostile enchantments, stealthy
A: unfitting armour, see invisible, herbivore 3, speed 3, slow metabolism 2
a: no special abilities


You were in a sewer.
You were not hungry.

You visited 1 branch of the dungeon, and saw 3 of its levels.
You also visited: Sewer.

You collected 118 gold pieces.

Inventory:

Hand weapons
 a - a +2,+2 dagger (weapon)
 b - a +0 blowgun
Missiles
 e - 34 poisoned needles
 l - 5 darts of frost (quivered)
 m - 12 darts of flame
 t - 5 darts
Armour
 c - a +0 robe (worn)
 d - a +0 cloak (worn)
Comestibles
 n - a pear
 r - a bread ration
Scrolls
 h - 4 scrolls of remove curse {unknown}
 i - a scroll of enchant weapon II {unknown}
 j - 2 scrolls of immolation {unknown}
 k - 2 scrolls of teleportation {unknown}
 p - 4 scrolls of enchant weapon I {unknown}
 q - a scroll of enchant armour {unknown}
 u - a scroll of identify {unknown}
Jewellery
 f - a ring of magical power (left hand)
Potions
 g - a potion of porridge


   Skills:
 - Level 1.5 Fighting
 - Level 2.1 Short Blades
 - Level 2.1 Throwing
 - Level 1.5 Dodging
 + Level 10.1 Stealth


You had 4 spell levels left.
You didn't know any spells.

Dungeon Overview and Level Annotations

Branches:
Dungeon (3/16)

Altars:


Innate Abilities, Weirdness & Mutations

You are tiny and cannot use many weapons and most armour.
You have supernaturally acute eyesight.
You are a herbivore.
You cover ground extremely quickly.
You need consume almost no food.


Message History

Moving in this stuff is going to be slow.
The jelly barely misses you.
You see here a rotting giant gecko corpse.
You completely miss the jelly.
You hear a slurping noise.
The jelly hits you.
You are splashed with acid!
The acid burns!
You hit the jelly.
The jelly is lightly wounded.
You hit the jelly.
The jelly is lightly wounded.
The jelly barely misses you.
You enter the shallow water.
Moving in this stuff is going to be slow.
You enter the shallow water.
Moving in this stuff is going to be slow.
You enter the shallow water.
Moving in this stuff is going to be slow.
You hear a slurping noise.
The jelly hits you.
You are splashed with acid!
The acid burns!
You die...

.##≈≈# #≈≈## .%#.≈##
##≈≈# ∩.#..≈# #≈≈.#
..##≈≈## ##≈≈##
#.%#%≈≈## ##≈≈.#
#%≈#≈≈≈≈### ###≈≈.≈#
##∩##≈≈≈≈≈#####≈≈≈≈.##
#####≈≈≈≈≈≈.≈≈≈J.≈##
##.≈≈≈≈≈≈≈≈@.##
###.≈≈.≈%≈###
#########


You could see a jelly.

Vanquished Creatures
  Ijyb (D:2)
  5 adders
  5 giant mites
  A worm (D:2)
  4 grey rats (D:3)
  4 giant geckos (Sewer)
  3 orcs (D:3)
  4 ball pythons
  6 giant cockroaches
  6 goblins
  8 hobgoblins
  2 jackals (D:2)
  A quokka (D:2)
  7 bats
  5 giant newts
  5 kobolds
  5 rats
72 creatures vanquished.

Notes
Turn   | Place    | Note
--------------------------------------------------------------
     0 | D:1      | Mitsuki, the Spriggan Assassin, began the quest for the Orb.
     0 | D:1      | Reached XP level 1. HP: 10/10 MP: 2/2
     7 | D:1      | Reached skill level 6 in Stealth
   432 | D:1      | Reached XP level 2. HP: 14/14 MP: 4/4
   720 | D:2      | Reached skill level 7 in Stealth
   778 | D:2      | Reached XP level 3. HP: 14/18 MP: 6/6
   941 | D:2      | Noticed Ijyb
  1021 | D:2      | Killed Ijyb
  1021 | D:2      | Reached skill level 8 in Stealth
  1357 | D:2      | Reached XP level 4. HP: 20/22 MP: 8/8
  1824 | D:3      | Reached skill level 9 in Stealth
  2035 | D:3      | Found a glowing drain.
  2052 | D:3      | Reached XP level 5. HP: 21/25 MP: 10/10
  2058 | Sewer    | Entered a sewer
  2308 | Sewer    | Reached skill level 10 in Stealth
  2664 | Sewer    | Splashed by a jelly's acid

Action                   |  1- 3 |  4- 6 || total
-------------------------+-------+-------++-------
Melee: Dagger            |    83 |   149 ||   232
 Fire: Blowgun           |    30 |     6 ||    36
Throw: Dart              |     4 |       ||     4
  Use: Potion            |     1 |     2 ||     3
 Stab: Sleeping          |    10 |    11 ||    21
